 Dungeon Crawl Stone Soup version 0.24.1-8-ga250c9d538 (webtiles) character file.

Game seed: 4051517883594062870, levelgen mode: deterministic

50 Peloso the Shield-Bearer (level 3, -6/29 HPs)
             Began as a Demonspawn Fighter on May 8, 2020.
             Mangled by Sigmund
             ... wielding a +0 scythe
              (11 damage)
             ... on level 2 of the Dungeon.
             The game lasted 00:04:35 (976 turns).

Peloso the Shield-Bearer (Demonspawn Fighter)        Turns: 976, Time: 00:04:36

Health: -6/29      AC:  6    Str: 22    XL:     3   Next: 55%
Magic:  3/3        EV:  9    Int:  9    God:
Gold:   92         SH:  0    Dex: 12    Spells: 2/2 levels left

rFire    . . .     SeeInvis .   a - +0 long sword
rCold    . . .     Gourm    .   c - +0 shield
rNeg     . . .     Faith    .   b - +0 scale mail
rPois    .         Spirit   .   (no helmet)
rElec    .         Reflect  .   (no cloak)
rCorr    .         Harm     .   (no gloves)
MR       .....                  (no boots)
Stlth    ..........             (no amulet)
HPRegen  0.09/turn              (no ring)
MPRegen  0.08/turn              (no ring)

@: confused, mighty
A: hooves 1, repulsion field 1
a: no special abilities


You were on level 2 of the Dungeon.
You were hungry.

You visited 1 branch of the dungeon, and saw 2 of its levels.

You collected 92 gold pieces.

Inventory:

Hand Weapons
 a - a +0 long sword (weapon)
 k - a +2 hand axe of chopping
Armour
 b - a +0 scale mail (worn)
 c - a +0 shield (worn)
Scrolls
 e - a scroll of fear {unknown}
 i - a scroll of identify {unknown}
Potions
 g - a potion of haste {unknown}
 h - a potion of flight {unknown}
 j - a potion of curing {unknown}
Comestibles
 f - 4 rations


   Skills:
 + Level 3.1 Fighting
 + Level 2.4 Long Blades
 + Level 3.1 Armour
 + Level 0.1 Dodging
 + Level 3.3 Shields


You had 2 spell levels left.
You didn't know any spells.
Your spell library was empty.

Dungeon Overview and Level Annotations

Branches:
Dungeon (2/15)

Altars:
Uskayaw

Annotations:
D:2 Sigmund


Innate Abilities, Weirdness & Mutations

You have large cloven feet.
You are surrounded by a mild repulsion field. (EV +2)


Message History

Deactivating autopickup; reactivate with Ctrl-A.
You miss something.
A bat comes into view.
Something hits you but does no damage.
You miss something. You kick something.
You hear some strange, mumbled words.
A puff of flame appears from out of thin air!
You block the puff of flame.
You hit something. Your kick misses something. You block something's attack.
You miss something. You block something's attack.
You slash something! Your kick misses something. Something hits you!
* * * LOW HITPOINT WARNING * * *
You closely miss something. You block something's attack.
Your shield and scale mail prevent you from hitting something.
Your kick misses something.
You are feeling hungry.
You hear some strange, mumbled words.
You are confused.
You bump into the rock wall.
Something hits you!
You die...

# #...........######
.#.##.8(......8.......
.............).....<.#
...#.8.......8.####.#
...............# #.# .
.g.##.8..._...8.# #.#
....>..(...###....#
#.#
.....####.......###
#.# #..g{@........#
... ......#########...
.# ..... #... ###.
##.## # # . .


You could see a hobgoblin.

Vanquished Creatures
  An adder (D:2)
  A worm (D:2)
  A dart slug (D:1)
  3 leopard geckos (D:1)
  3 bats (D:1)
  3 hobgoblins (D:1)
  4 jackals (D:1)
  2 frilled lizards
  5 goblins (D:1)
  7 kobolds
  2 rats (D:1)
32 creatures vanquished.

Notes
Turn   | Place    | Note
-------+----------+-------------------------------------------
     0 | D:1      | Peloso the Demonspawn Fighter began the quest for the Orb.
     0 | D:1      | Reached XP level 1. HP: 18/18 MP: 1/1
    34 | D:1      | Gained mutation: You are surrounded by a mild repulsion
                  | field. (EV +2) [demonic ancestry]
    34 | D:1      | Reached XP level 2. HP: 19/24 MP: 2/2
   598 | D:1      | Gained mutation: You have large cloven feet. [demonic
                  | ancestry]
   598 | D:1      | Reached XP level 3. HP: 11/29 MP: 3/3
   948 | D:2      | Found a hide-covered altar of Uskayaw.
   965 | D:2      | Noticed Sigmund
   976 | D:2      | Mangled by Sigmund

Levels and vault maps discovered:
D:1:      minmay_arrival_shattered_statue, layout_basic, serial_forest,
          infiniplex_forest_zigzag_2, infiniplex_forest_corner_1,
          infiniplex_forest_straight_3, infiniplex_forest_clump_double,
          infiniplex_forest_straight_5, infiniplex_forest_straight_4,
          infiniplex_forest_lined_room_2, infiniplex_forest_straight_2,
          chequers_garden
D:2:      layout_loops_ring, eat_drink_and_be_merry_uskayaw, uniq_natasha,
          uniq_sigmund

Skill      XL: |  1  2  3 |
---------------+----------+-----
Shields        | 3 |  3.3
Long Blades    | 2 |  2.4
Armour         | 3 |  3.1
Fighting       | |  3.1
Dodging        | |  0.1

Action                   || total
-------------------------++-------
Melee: Long sword        ||   107
       Kick              ||     7
  Use: Potion            ||     1
Armor: Scale mail        ||    55
Dodge: Dodged            ||    41
Block: Shield            ||    52
       Rpst.: Long sword ||    10
